[Event "9th HDBank Open 2019"]
[Site "Ho Chi Minh City"]
[Date "2019.03.07"]
[Round "1.13"]
[White "Bogdanovich, Stanislav"]
[Black "Andyka, Pitra"]
[Result "1-0"]
[ECO "A00"]
[WhiteElo "2536"]
[BlackElo "2283"]
[Annotator "ChessBase"]
[PlyCount "59"]
[EventDate "2019.03.07"]
[EventType "swiss"]
[EventCountry "VIE"]
[SourceTitle "playchess.com"]
[Source "ChessBase"]
[SourceQuality "1"]
[TimeControl "5400+30"]

1. g3 d5 2. Bg2 c6 3. f4 g6 4. Nf3 Bg7 5. Nc3 Nf6 6. d3 O-O 7. O-O d4 8. Ne4 Nxe4 9. dxe4 c5 10. e5 Nc6 11. e3 Be6 12. Qe2 h6 13. Rd1 Qb6 14. b3 Rfd8 15. Qf2 Rd7 16. exd4 cxd4 17. Bb2 Rad8 18. Rd2 f6 19. exf6 Bxf6 20. Re1 Bf7 21. Bh3 Rd5 22. Bf1 e5 23. Bc4 exf4 24. Bxd5 Bxd5 25. Nxd4 Ne5 26. c4 Bf7 27. Qxf4 Bg5 28. Qxe5 Bxd2 29. c5 Re8 30. Ne6 1-0

[Event "9th HDBank Open 2019"]
[Site "Ho Chi Minh City"]
[Date "2019.03.07"]
[Round "1.14"]
[White "Kathmale, Sameer"]
[Black "Chanda, Sandipan"]
[Result "0-1"]
[ECO "B53"]
[WhiteElo "2282"]
[BlackElo "2534"]
[Annotator "RC"]
[PlyCount "120"]
[EventDate "2019.03.07"]
[EventType "swiss"]
[EventCountry "VIE"]
[SourceTitle "playchess.com"]
[Source "ChessBase"]
[SourceQuality "1"]
[TimeControl "5400+30"]

1. e4 c5 2. Nf3 d6 3. d4 cxd4 4. Qxd4 Nf6 5. Bb5+ Bd7 6. Bxd7+ Nfxd7 7. c4 Nc6 8. Qe3 g6 9. Nc3 Bg7 10. O-O O-O 11. Rb1 Qb6 12. Nd5 Qa6 13. b3 Qxa2 14. Bd2 Qa3 15. Qg5 e6 16. Nc7 Rad8 17. Nb5 Qc5 18. Be3 Qxg5 19. Bxg5 Nf6 20. Rfe1 a6 21. Nxd6 Rxd6 22. e5 Nxe5 23. Nxe5 h6 24. Bc1 Re8 25. Ba3 Rdd8 26. g3 Nd7 27. Bd6 Nxe5 28. Bxe5 Rd2 29. Bxg7 Kxg7 30. c5 Red8 31. b4 Rc2 32. Red1 Rxd1+ 33. Rxd1 Rc4 34. Rb1 Kf6 35. f4 Kf5 36. Kg2 Ke4 37. b5 Rxc5 38. bxa6 bxa6 39. Rb7 Rf5 40. Rd7 a5 41. h3 h5 42. h4 e5 43. Re7 f6 44. Re6 Kd5 45. Ra6 exf4 46. Rxa5+ Kc4 47. Ra4+ Kb5 48. Re4 fxg3 49. Kxg3 Re5 50. Rd4 Kc6 51. Rd8 Re3+ 52. Kf2 Re4 53. Rf8 Rf4+ 54. Ke3 Rf5 55. Ke4 Rf1 56. Rg8 Rg1 57. Rf8 Rg4+ 58. Kf3 f5 59. Ra8 Kd7 60. Ra7+ Ke6 0-1

[Event "9th HDBank Open 2019"]
[Site "Ho Chi Minh City"]
[Date "2019.03.07"]
[Round "1.15"]
[White "Gukesh D"]
[Black "Bao, Khoa"]
[Result "1-0"]
[ECO "A05"]
[WhiteElo "2529"]
[BlackElo "2277"]
[Annotator "ChessBase"]
[PlyCount "95"]
[EventDate "2019.03.07"]
[EventType "swiss"]
[EventCountry "VIE"]
[SourceTitle "playchess.com"]
[Source "ChessBase"]
[SourceQuality "1"]
[TimeControl "5400+30"]

1. Nf3 Nf6 2. g3 g6 3. Bg2 Bg7 4. O-O O-O 5. d4 d6 6. c4 c6 7. Nc3 Nbd7 8. e4 e5 9. b3 Re8 10. Bb2 exd4 11. Nxd4 Nc5 12. Qc2 Qb6 13. Rad1 Bg4 14. f3 Bd7 15. Kh1 Rad8 16. Rfe1 a5 17. Bc1 Bc8 18. Be3 Qc7 19. Bf2 Bd7 20. Nde2 b6 21. Rd2 Bh6 22. Rdd1 Qb8 23. a3 b5 24. cxb5 cxb5 25. Nf4 Rc8 26. Qb2 Bg7 27. Bd4 Ne6 28. Nxe6 Bxe6 29. Ne2 Nh5 30. Bxg7 Nxg7 31. b4 axb4 32. axb4 Rc4 33. Nd4 d5 34. Bf1 dxe4 35. Nxe6 Nxe6 36. Bxc4 bxc4 37. Rxe4 Qb5 38. Qc3 Rc8 39. Re5 Qb7 40. Red5 h5 41. b5 Qb6 42. Kg2 h4 43. Re1 Qb7 44. Rde5 Qb6 45. R1e4 h3+ 46. Kxh3 Rc5 47. Rh4 Kf8 48. Qb4 1-0

[Event "9th HDBank Open 2019"]
[Site "Ho Chi Minh City"]
[Date "2019.03.07"]
[Round "1.17"]
[White "Le, Huu Thai"]
[Black "Xu, Yi"]
[Result "0-1"]
[ECO "D37"]
[WhiteElo "2265"]
[BlackElo "2520"]
[Annotator "ChessBase"]
[PlyCount "82"]
[EventDate "2019.03.07"]
[EventType "swiss"]
[EventCountry "VIE"]
[SourceTitle "playchess.com"]
[Source "ChessBase"]
[SourceQuality "1"]
[TimeControl "5400+30"]

1. d4 Nf6 2. Nf3 d5 3. c4 e6 4. Nc3 a6 5. cxd5 exd5 6. Qc2 Bd6 7. Bg5 Be6 8. e3 h6 9. Bh4 Nbd7 10. Bd3 c6 11. O-O Qc7 12. Bg3 Bxg3 13. hxg3 O-O 14. Rfc1 Rfe8 15. Na4 Ne4 16. Nc3 Nd6 17. Na4 Ne4 18. Nc3 Nd6 19. Na4 Nf6 20. Nc5 g6 21. b4 Bf5 22. Ne5 Bxd3 23. Qxd3 h5 24. a4 Kg7 25. Rab1 Qe7 26. Kf1 Nfe4 27. Nxe4 Nxe4 28. Nf3 Nd6 29. Kg1 f6 30. Nd2 Rh8 31. Re1 Rae8 32. Nf3 Qd7 33. Rb2 g5 34. Rbe2 h4 35. gxh4 g4 36. Nd2 Rxh4 37. e4 Reh8 38. f4 dxe4 39. Nxe4 Qf5 40. Qe3 Nxe4 41. Qxe4 g3 0-1

[Event "9th HDBank Open 2019"]
[Site "Ho Chi Minh City"]
[Date "2019.03.07"]
[Round "1.18"]
[White "Nasanjargal, Urtnasan"]
[Black "Luong, Phuong Hanh"]
[Result "1-0"]
[ECO "A16"]
[WhiteElo "2503"]
[BlackElo "2259"]
[Annotator "ChessBase"]
[PlyCount "75"]
[EventDate "2019.03.07"]
[EventType "swiss"]
[EventCountry "VIE"]
[SourceTitle "playchess.com"]
[Source "ChessBase"]
[SourceQuality "1"]
[TimeControl "5400+30"]

1. c4 Nf6 2. Nc3 d5 3. cxd5 Nxd5 4. g3 g6 5. Bg2 Nb6 6. d3 Bg7 7. Be3 O-O 8. h4 Nc6 9. Bxc6 bxc6 10. Qd2 h5 11. Rc1 Nd5 12. Bh6 Bg4 13. Ne4 Nf6 14. Bxg7 Kxg7 15. f3 Nxe4 16. dxe4 Qxd2+ 17. Kxd2 Rfd8+ 18. Ke3 Be6 19. Nh3 Bxa2 20. Rxc6 Rab8 21. Rxc7 Rb3+ 22. Kf2 Rxb2 23. Rxe7 Bc4 24. Nf4 Rdd2 25. Re1 a5 26. Ra7 Ra2 27. e5 Kh6 28. Rc7 Rdc2 29. Rb1 a4 30. g4 hxg4 31. fxg4 g5 32. Rb6+ Kg7 33. hxg5 Rxe2+ 34. Nxe2 Rxe2+ 35. Kg3 Bd5 36. g6 Re3+ 37. Kh4 Rb3 38. Rd6 1-0

[Event "9th HDBank Open 2019"]
[Site "Ho Chi Minh City"]
[Date "2019.03.07"]
[Round "1.20"]
[White "Stefanova, Antoaneta"]
[Black "Tran, Ngoc Lan"]
[Result "1/2-1/2"]
[ECO "A06"]
[WhiteElo "2493"]
[BlackElo "2250"]
[Annotator "ChessBase"]
[PlyCount "72"]
[EventDate "2019.03.07"]
[EventType "swiss"]
[EventCountry "VIE"]
[SourceTitle "playchess.com"]
[Source "ChessBase"]
[SourceQuality "1"]
[TimeControl "5400+30"]

1. Nf3 d5 2. g3 c6 3. Bg2 Bg4 4. O-O Nd7 5. d3 e5 6. c4 dxc4 7. dxc4 Ngf6 8. h3 Bh5 9. Be3 Qc7 10. Nc3 Bc5 11. Qc1 O-O 12. Rd1 Bxf3 13. Bxf3 Rfe8 14. Bg2 Rad8 15. Bxc5 Nxc5 16. Qe3 Qb6 17. b3 Ncd7 18. Qxb6 Nxb6 19. c5 Nbd5 20. Nxd5 Nxd5 21. Rd2 Nc3 22. Rc2 Nb5 23. a4 Nd4 24. Rb2 a5 25. Rc1 Ne6 26. e3 Rd7 27. Kf1 Red8 28. Ke1 Kf8 29. h4 Ke7 30. Bh3 Rd5 31. Bxe6 Kxe6 32. b4 axb4 33. Rxb4 Rd2 34. Rcb1 Rc2 35. R1b2 Rxc5 36. Rxb7 Ra8 1/2-1/2

[Event "9th HDBank Open 2019"]
[Site "Ho Chi Minh City"]
[Date "2019.03.07"]
[Round "1.22"]
[White "Praveen Kumar C"]
[Black "Nguyen, Anh Khoi"]
[Result "1/2-1/2"]
[ECO "A62"]
[WhiteElo "2243"]
[BlackElo "2484"]
[Annotator "ChessBase"]
[PlyCount "69"]
[EventDate "2019.03.07"]
[EventType "swiss"]
[EventCountry "VIE"]
[SourceTitle "playchess.com"]
[Source "ChessBase"]
[SourceQuality "1"]
[TimeControl "5400+30"]

1. d4 Nf6 2. c4 e6 3. g3 c5 4. d5 exd5 5. cxd5 d6 6. Nc3 g6 7. Nf3 Bg7 8. Bg2 O-O 9. O-O a6 10. a4 Nbd7 11. Bf4 Qe7 12. Qc1 Ng4 13. h3 Nge5 14. Bh6 Bxh6 15. Qxh6 f5 16. Rae1 Re8 17. e4 Nxf3+ 18. Bxf3 Qf8 19. Qxf8+ Kxf8 20. Re3 Nf6 21. exf5 gxf5 22. Rxe8+ Nxe8 23. Rb1 Bd7 24. a5 Nc7 25. b4 c4 26. Be2 Nb5 27. Rc1 Rc8 28. Bf1 Nxc3 29. Rxc3 Bb5 30. f4 Re8 31. Kf2 Re4 32. Be2 Rd4 33. Ke3 Re4+ 34. Kf2 Rd4 35. Ke3 1/2-1/2

[Event "9th HDBank Open 2019"]
[Site "Ho Chi Minh City"]
[Date "2019.03.07"]
[Round "1.23"]
[White "Vignesh N R"]
[Black "Nandhidhaa, P V"]
[Result "0-1"]
[ECO "B48"]
[WhiteElo "2476"]
[BlackElo "2240"]
[Annotator "ChessBase"]
[PlyCount "75"]
[EventDate "2019.03.07"]
[EventType "swiss"]
[EventCountry "VIE"]
[SourceTitle "playchess.com"]
[Source "ChessBase"]
[SourceQuality "1"]
[TimeControl "5400+30"]

1. e4 c5 2. Nf3 e6 3. d4 cxd4 4. Nxd4 Nc6 5. Nc3 Qc7 6. Be3 a6 7. Qf3 Nf6 8. O-O-O Ne5 9. Qg3 b5 10. a3 Bb7 11. Bxb5 Rc8 12. Ba4 Nxe4 13. Nxe4 Bxe4 14. Bf4 Qc4 15. Bxe5 Qxa4 16. Rd2 f6 17. Bd6 Kf7 18. Re1 Bg6 19. Bxf8 Rhxf8 20. Qd6 Kg8 21. f4 Qc4 22. Qxd7 Bf7 23. Nxe6 Rfe8 24. f5 Qa2 25. Rd3 Qa1+ 26. Kd2 Qxb2 27. Nc7 Rf8 28. Re7 Qb6 29. Ke2 Qg1 30. Rxf7 Qxg2+ 31. Ke3 Qg1+ 32. Ke4 Qg4+ 33. Ke3 Qg1+ 34. Kf3 Qf1+ 35. Kg4 Qe2+ 36. Kg3 Qe1+ 37. Kg4 Qe2+ 38. Rf3 0-1

[Event "9th HDBank Open 2019"]
[Site "Ho Chi Minh City"]
[Date "2019.03.07"]
[Round "1.24"]
[White "Vo, Dai Hoai Duc"]
[Black "Nguyen, Anh Dung"]
[Result "1/2-1/2"]
[ECO "E42"]
[WhiteElo "2226"]
[BlackElo "2458"]
[Annotator "ChessBase"]
[PlyCount "86"]
[EventDate "2019.03.07"]
[EventType "swiss"]
[EventCountry "VIE"]
[SourceTitle "playchess.com"]
[Source "ChessBase"]
[SourceQuality "1"]
[TimeControl "5400+30"]

1. d4 Nf6 2. c4 e6 3. Nc3 Bb4 4. e3 c5 5. Nge2 cxd4 6. exd4 d5 7. c5 Ne4 8. Bd2 Nxd2 9. Qxd2 Nc6 10. a3 Ba5 11. b4 Bc7 12. g3 O-O 13. Bg2 Bd7 14. O-O Ne7 15. f4 Nf5 16. Kh1 Qf6 17. Rf3 h5 18. Rd3 g6 19. Ng1 b6 20. Rb1 Rab8 21. b5 bxc5 22. dxc5 Rfd8 23. a4 Be8 24. Nce2 Rdc8 25. Rc1 Bd8 26. Nf3 a6 27. b6 Bxa4 28. Nfd4 Nxd4 29. Nxd4 Qe7 30. Rdc3 Bb5 31. Nxb5 axb5 32. Bf1 b4 33. R3c2 b3 34. Rc3 Ra8 35. Qb2 Ra5 36. Qxb3 Raxc5 37. Rxc5 Rxc5 38. Rxc5 Qxc5 39. b7 Qf2 40. Qb1 Bc7 41. b8=Q+ Bxb8 42. Qxb8+ Kh7 43. Qb1 h4 1/2-1/2

[Event "9th HDBank Open 2019"]
[Site "Ho Chi Minh City"]
[Date "2019.03.07"]
[Round "1.25"]
[White "Nguyen, Duc Hoa"]
[Black "Bhambure, Shantanu"]
[Result "1-0"]
[ECO "A21"]
[WhiteElo "2450"]
[BlackElo "2220"]
[Annotator "ChessBase"]
[PlyCount "106"]
[EventDate "2019.03.07"]
[EventType "swiss"]
[EventCountry "VIE"]
[SourceTitle "playchess.com"]
[Source "ChessBase"]
[SourceQuality "1"]
[TimeControl "5400+30"]

1. c4 e5 2. Nc3 Bb4 3. e3 Bxc3 4. bxc3 d6 5. e4 Ne7 6. d4 c5 7. Bd3 Nbc6 8. Ne2 O-O 9. O-O f5 10. f4 exd4 11. cxd4 cxd4 12. Rb1 b6 13. Bb2 fxe4 14. Bxe4 Bf5 15. Bxc6 Nxc6 16. Nxd4 Nxd4 17. Qxd4 Qc7 18. Rbd1 Qc5 19. Rf2 Rf7 20. h3 Be6 21. Qxd6 Qxd6 22. Rxd6 Bxc4 23. Be5 b5 24. g4 Re8 25. Kh2 a5 26. Rfd2 Rfe7 27. h4 Re6 28. Rd7 R6e7 29. Kg3 Kf7 30. R7d6 Re6 31. R6d4 a4 32. a3 h6 33. Rd7+ R6e7 34. f5 g5 35. R2d6 Rxd7 36. Rxd7+ Re7 37. Rxe7+ Kxe7 38. Bg7 gxh4+ 39. Kxh4 Bd3 40. Kh5 Be2 41. Bxh6 Kf6 42. Bd2 Bd3 43. Bc3+ Kf7 44. Kg5 Bc2 45. Kf4 Bb1 46. g5 Bc2 47. g6+ Kg8 48. Kg5 Bd3 49. f6 Bc4 50. Kf4 Kf8 51. Ke5 Ke8 52. Bb4 Bb3 53. Kf4 Bc4 1-0

[Event "9th HDBank Open 2019"]
[Site "Ho Chi Minh City"]
[Date "2019.03.07"]
[Round "1.28"]
[White "Lu, Chan Hung"]
[Black "Mendonca, Leon Luke"]
[Result "1/2-1/2"]
[ECO "A15"]
[WhiteElo "2207"]
[BlackElo "2446"]
[Annotator "NA"]
[PlyCount "157"]
[EventDate "2019.03.07"]
[EventType "swiss"]
[EventCountry "VIE"]
[SourceTitle "playchess.com"]
[Source "ChessBase"]
[SourceQuality "1"]
[TimeControl "5400+30"]

1. c4 Nf6 2. Nf3 g6 3. b3 Bg7 4. Bb2 O-O 5. g3 d6 6. Bg2 e5 7. d3 Nc6 8. O-O h6 9. Nc3 Nd7 10. a3 f5 11. b4 g5 12. b5 Ne7 13. h4 g4 14. Nh2 h5 15. Nd5 Ng6 $11 16. Qd2 Nc5 17. Rad1 Ne6 18. e3 Bd7 19. f4 c6 20. Nb4 exf4 21. exf4 Nd4 22. Kh1 Qb6 23. bxc6 bxc6 24. Bxd4 Bxd4 25. Rb1 Qc7 26. Na6 Qc8 27. Qb4 c5 28. Qb7 Qxb7 29. Rxb7 Bc8 30. Bd5+ Kh8 31. Rb8 Rxb8 32. Nxb8 Ne7 33. Rb1 Nxd5 34. cxd5 Re8 35. Nf1 Re2 36. a4 Kg7 37. Rd1 Bc3 38. Rc1 Bd4 39. Rd1 Bc3 40. Rc1 Be1 41. Nc6 Ba6 42. Rd1 Bb7 43. Rb1 Bb4 44. a5 Kf8 45. Kg1 Bxc6 46. dxc6 Ke8 47. d4 Kd8 48. d5 Kc7 49. a6 Kb6 50. Rb3 Kxa6 51. Re3 Rxe3 52. Nxe3 Kb6 53. Nxf5 Kc7 54. Ne3 a5 55. f5 Bc3 56. Nc4 a4 57. Kf2 Bb2 58. Ke2 Be5 59. Kd3 Bxg3 60. f6 Bxh4 61. f7 Be7 62. Ke4 h4 63. Kf4 h3 64. Kg3 Bf8 65. Kh2 Bg7 66. Kg3 Bh6 67. Kh2 Kd8 68. Kg3 Bg7 69. Kh2 Kc7 70. Kg3 Kd8 71. Kh2 Ke7 72. Kg3 Kd8 73. Kh2 Kc7 74. Kg3 Bh6 75. Kh2 Bf4+ 76. Kg1 Bh6 77. Kh2 Bf4+ 78. Kg1 Bh6 79. Kh2 1/2-1/2

[Event "9th HDBank Open 2019"]
[Site "Ho Chi Minh City"]
[Date "2019.03.07"]
[Round "1.29"]
[White "Liu, Guanchu"]
[Black "Panopio, Jr Rodolfo"]
[Result "1-0"]
[ECO "B12"]
[WhiteElo "2445"]
[BlackElo "2207"]
[Annotator "NA"]
[PlyCount "82"]
[EventDate "2019.03.07"]
[EventType "swiss"]
[EventCountry "VIE"]
[SourceTitle "playchess.com"]
[Source "ChessBase"]
[SourceQuality "1"]
[TimeControl "5400+30"]

1. e4 c6 2. d4 d5 3. e5 Bf5 4. Nf3 e6 5. Be2 Nd7 6. O-O a6 7. Nbd2 Ne7 8. Nb3 Qc7 9. Be3 Bg4 10. Nfd2 Bf5 11. f4 Bg6 12. Bf2 h5 13. Rc1 O-O-O 14. Qe1 Kb8 15. a3 Bf5 $14 16. c4 dxc4 17. Nxc4 Nd5 18. Ne3 Be4 19. Nd2 Nxe3 20. Bxe3 Bd5 21. f5 Be7 22. fxe6 Bxe6 23. Bc4 Nf8 24. Qg3 g5 25. Ne4 Rg8 26. Qf2 Qd7 27. Bxe6 fxe6 28. Nf6 Bxf6 29. exf6 Qf7 30. Bxg5 Rd5 31. Bf4+ Ka8 32. Be5 Nd7 33. Qe2 Rg5 34. Rxc6 Ka7 35. Rc7 h4 36. h3 Qf8 37. Qe3 Qg8 38. f7 Rxg2+ 39. Kh1 Qg6 40. Rxd7 Rxb2 41. Qf3 Ka8 1-0

[Event "9th HDBank Open 2019"]
[Site "Ho Chi Minh City"]
[Date "2019.03.07"]
[Round "1.30"]
[White "Nguyen, Phuoc Tam"]
[Black "Chen, Qi b"]
[Result "1/2-1/2"]
[ECO "A05"]
[WhiteElo "2203"]
[BlackElo "2443"]
[Annotator "NA"]
[PlyCount "167"]
[EventDate "2019.03.07"]
[EventType "swiss"]
[EventCountry "VIE"]
[SourceTitle "playchess.com"]
[Source "ChessBase"]
[SourceQuality "1"]
[TimeControl "5400+30"]

1. Nf3 Nf6 2. g3 g6 3. Bg2 Bg7 4. O-O O-O 5. c4 d6 6. Nc3 Nc6 7. d3 e5 8. Rb1 a5 9. a3 h6 10. b4 axb4 11. axb4 {[%emt 0:00:02] LiveBook: 577 Games} Be6 12. b5 Ne7 13. Bb2 Nd7 14. Nd2 c6 15. Qc2 d5 16. Ra1 Qc7 17. Ba3 Rfe8 18. Qb3 e4 19. dxe4 dxc4 20. Qc2 Qe5 21. Bb2 cxb5 22. Nf3 Qc5 23. e5 Rxa1 24. Rxa1 Bf5 25. Ne4 Bxe4 26. Qxe4 Nc6 27. Rd1 Nf6 28. Qc2 Ng4 29. e3 Ngxe5 30. Nxe5 Bxe5 31. Rd5 Qb4 32. Bxe5 Rxe5 33. Rd7 Re7 34. Rd1 Ne5 35. h4 h5 36. Bd5 Kh7 37. Kg2 Nd3 38. Rxd3 cxd3 39. Qxd3 Rc7 40. e4 Qb2 41. Qf3 Kg7 42. Qf4 Rd7 43. Qb8 Qf6 44. Qc8 Qe7 45. Qc3+ Kh7 46. Qf3 Rc7 47. Qe3 Rc2 48. Qb3 Rc7 49. Qxb5 Qd7 50. Qb6 Qe7 51. Qb5 Kg7 52. Qb6 Rd7 53. Qb2+ f6 54. Qb5 Rc7 55. Qb6 Qd7 56. Kg1 Qc8 57. Kg2 Re7 58. Kg1 Qc7 59. Qa7 Qd7 60. Qb8 Re8 61. Qxb7 Qxb7 62. Bxb7 Kf8 63. Kg2 Ke7 64. Kf3 Rb8 65. Bd5 Rb2 66. Bc6 g5 67. hxg5 fxg5 68. Kg2 Rc2 69. Bd5 Kf6 70. Bb3 Rc3 71. Bd5 Ke5 72. Kh3 Rf3 73. Kg2 Rf8 74. Bc6 h4 75. Kh3 Rh8 76. Bb7 Rh7 77. Bc6 hxg3+ 78. Kxg3 Rh4 79. Bb7 Rf4 80. Bc6 Kd4 81. f3 Ke5 82. Bd5 Kd4 83. Bc6 Ke5 84. Bd5 1/2-1/2

[Event "9th HDBank Open 2019"]
[Site "Ho Chi Minh City"]
[Date "2019.03.08"]
[Round "2.6"]
[White "Dang, Hoang Son"]
[Black "Bogdanovich, Stanislav"]
[Result "0-1"]
[ECO "D10"]
[WhiteElo "2385"]
[BlackElo "2536"]
[Annotator "RC"]
[PlyCount "92"]
[EventDate "2019.03.07"]
[EventType "swiss"]
[EventCountry "VIE"]
[SourceTitle "playchess.com"]
[Source "ChessBase"]
[SourceQuality "1"]
[TimeControl "5400+30"]

1. d4 d5 2. c4 c6 3. cxd5 cxd5 4. Bf4 Nc6 5. Nc3 Nf6 6. Rc1 Nh5 7. Bd2 g6 8. e4 Nf6 9. exd5 Nxd5 10. Bc4 Nb6 11. Bb5 Qxd4 12. Nf3 Qd8 13. Ne5 Bd7 14. Nxd7 Qxd7 15. O-O Bg7 16. Be3 Qxd1 17. Rfxd1 O-O 18. Bc5 Rfc8 19. Bxb6 Bxc3 20. Rxc3 axb6 21. a3 Rd8 22. Rcd3 Rxd3 23. Rxd3 Na7 24. Ba4 Rc8 25. Kf1 b5 26. Bd1 Rc7 27. Ke1 Nc8 28. Be2 Nd6 29. Rb3 Rc1+ 30. Kd2 Rg1 31. Bf3 Rb1 32. Bd1 Kg7 33. Kc2 Ra1 34. g3 g5 35. Rc3 f5 36. f4 g4 37. Rc5 Kf6 38. Rd5 Nc4 39. Rd3 Rxd1 40. Rxd1 Ne3+ 41. Kd2 Nxd1 42. Kxd1 e5 43. fxe5+ Kxe5 44. Kd2 f4 45. Kd3 f3 46. Ke3 b4 {[%emt 0:00:36] Kd4+} 0-1

[Event "9th HDBank Open 2019"]
[Site "Ho Chi Minh City"]
[Date "2019.03.08"]
[Round "3.3"]
[White "Bogdanovich, Stanislav"]
[Black "Setyaki, Azarya Jodi"]
[Result "1-0"]
[ECO "E94"]
[WhiteElo "2536"]
[BlackElo "2378"]
[Annotator "RC"]
[PlyCount "85"]
[EventDate "2019.03.07"]
[EventType "swiss"]
[EventCountry "VIE"]
[SourceTitle "playchess.com"]
[Source "ChessBase"]
[SourceQuality "1"]
[TimeControl "5400+30"]

1. c4 g6 2. d4 Nf6 3. Nc3 d6 4. e4 Nbd7 5. Nf3 e5 6. Be2 Bg7 7. O-O O-O 8. Be3 c6 9. d5 c5 10. Ne1 Ne8 11. Nd3 f5 12. exf5 gxf5 13. f4 Qe7 14. fxe5 Nxe5 15. Nxe5 Bxe5 16. Qd2 Nf6 17. Bf4 Bd7 18. Rae1 Rae8 19. Bf3 Bxf4 20. Qxf4 Qxe1 21. Rxe1 Rxe1+ 22. Kf2 Re5 23. Qg5+ Kh8 24. Qh6 Kg8 25. Qg5+ Kh8 26. Qh6 Kg8 27. h3 Be8 28. Ne2 b5 29. b3 bxc4 30. bxc4 Bd7 31. Nf4 Re7 32. Kg3 Rg7+ 33. Kh2 Rgf7 34. Ne6 Bxe6 35. dxe6 Rg7 36. Qf4 Ne8 37. Bh5 Nf6 38. Bf7+ Rgxf7 39. exf7+ Rxf7 40. Qg3+ Kh8 41. Qxd6 Ne4 42. Qe5+ Kg8 43. g4 1-0

[Event "9th HDBank Open 2019"]
[Site "Ho Chi Minh City"]
[Date "2019.03.08"]
[Round "3.5"]
[White "Gukesh D"]
[Black "Pham, Le Thao Nguyen"]
[Result "1-0"]
[ECO "A05"]
[WhiteElo "2529"]
[BlackElo "2374"]
[Annotator "RC"]
[PlyCount "75"]
[EventDate "2019.03.07"]
[EventType "swiss"]
[EventCountry "VIE"]
[SourceTitle "playchess.com"]
[Source "ChessBase"]
[SourceQuality "1"]
[TimeControl "5400+30"]

1. Nf3 Nf6 2. g3 d5 3. Bg2 c6 4. O-O Bf5 5. d3 e6 6. Nfd2 Bc5 7. e4 dxe4 8. dxe4 Bg4 9. Qe1 e5 10. h3 Be6 11. Qe2 Qc7 12. Kh1 Nfd7 13. f4 f6 14. Nc3 Na6 15. a3 O-O 16. Nf3 exf4 17. gxf4 Rae8 18. b4 Bb6 19. Na4 Qc8 20. c4 c5 21. b5 Nc7 22. Be3 Re7 23. Rad1 Rfe8 24. Nh4 g6 25. f5 Bf7 26. fxg6 hxg6 27. Nxb6 axb6 28. Qg4 Ne5 29. Qg3 Re6 30. Bf4 Rd8 31. Rxd8+ Qxd8 32. Nf5 Be8 33. Nh6+ Kg7 34. Ng4 Qe7 35. Nxf6 Nxc4 36. Bh6+ Kh8 37. Qh4 Rxf6 38. Rxf6 1-0

[Event "9th HDBank Open 2019"]
[Site "Ho Chi Minh City"]
[Date "2019.03.08"]
[Round "3.6"]
[White "Cao, Sang"]
[Black "Xu, Yi"]
[Result "1/2-1/2"]
[ECO "B31"]
[WhiteElo "2385"]
[BlackElo "2520"]
[Annotator "RC"]
[PlyCount "77"]
[EventDate "2019.03.07"]
[EventType "swiss"]
[EventCountry "VIE"]
[SourceTitle "playchess.com"]
[Source "ChessBase"]
[SourceQuality "1"]
[TimeControl "5400+30"]

1. e4 c5 2. Nf3 Nc6 3. Bb5 g6 4. O-O Bg7 5. Bxc6 dxc6 6. h3 Nf6 7. Nc3 Nd7 8. d3 e5 9. Be3 b6 10. Qd2 h6 11. Nh2 Nf8 12. f4 exf4 13. Rxf4 Be6 14. Raf1 Nd7 15. R4f2 Ne5 16. Nf3 g5 17. Ne2 Qd6 18. Qc1 O-O-O 19. Bd2 c4 20. Nxe5 Bxe5 21. Bc3 Bxc3 22. Nxc3 cxd3 23. Rd1 d2 24. Rdxd2 Qc5 25. Rxd8+ Rxd8 26. Qe1 Qe5 27. Rd2 Qc5+ 28. Kh2 Rxd2 29. Qxd2 Kc7 30. Kh1 Qe5 31. a4 h5 32. Qf2 Kb7 33. Kg1 g4 34. hxg4 hxg4 35. g3 f5 36. Qf4 Qd4+ 37. Qf2 Qe5 38. Qf4 Qd4+ 39. Qf2 1/2-1/2

[Event "9th HDBank Open 2019"]
[Site "Ho Chi Minh City"]
[Date "2019.03.08"]
[Round "3.7"]
[White "Chu, Wei Chao"]
[Black "Karthik Venkataraman"]
[Result "1/2-1/2"]
[ECO "A62"]
[WhiteElo "2373"]
[BlackElo "2494"]
[Annotator "ChessBase"]
[PlyCount "160"]
[EventDate "2019.03.07"]
[EventType "swiss"]
[EventCountry "VIE"]
[SourceTitle "playchess.com"]
[Source "ChessBase"]
[SourceQuality "1"]
[TimeControl "5400+30"]

1. d4 Nf6 2. c4 e6 3. g3 c5 4. d5 exd5 5. cxd5 d6 6. Nc3 g6 7. Bg2 Bg7 8. Nf3 O-O 9. O-O Re8 10. Re1 Na6 11. Nd2 Nc7 12. Nc4 b5 13. Nxd6 Qxd6 14. Bf4 Qb6 15. d6 Bb7 16. Bxb7 Qxb7 17. dxc7 b4 18. Na4 Nd5 19. Bd6 Nxc7 20. Nxc5 Qc6 21. Bxc7 Qxc5 22. Rc1 Qb5 23. Qd2 Re6 24. a3 bxa3 25. bxa3 Rae8 26. e3 Bf8 27. a4 Qxa4 28. Ra1 Qc6 29. Rec1 Qa8 30. Ba5 Bg7 31. Bc3 Bxc3 32. Rxc3 a6 33. Rd3 h5 34. h4 Rc6 35. Rd7 Rec8 36. Rd1 Rc2 37. Qxc2 Rxc2 38. Rd8+ Qxd8 39. Rxd8+ Kg7 40. Rd6 a5 41. Ra6 Ra2 42. Kg2 a4 43. e4 a3 44. Kf3 Kf8 45. Ra7 Ke8 46. e5 Ra1 47. Kf4 a2 48. Kg5 Re1 49. Rxa2 Rxe5+ 50. Kf6 Rf5+ 51. Kg7 Rf3 52. Re2+ Kd7 53. Kf8 Kd6 54. Kg7 Kd7 55. Kg8 Kd6 56. Kh7 Kd7 57. Kh6 Kd6 58. Kg7 Kd5 59. Re7 f5 60. Kxg6 Rxf2 61. Kxh5 Rf3 62. Rg7 Ke6 63. Kh6 Kf6 64. h5 Ra3 65. Rg6+ Kf7 66. Rg7+ Kf6 67. Rg6+ Kf7 68. Kh7 Rb3 69. Rg7+ Kf6 70. Rg6+ Kf7 71. h6 Ra3 72. Rg7+ Kf6 73. Rg6+ Kf7 74. Rg7+ Kf6 75. Kh8 Rb3 76. h7 Ra3 77. g4 fxg4 78. Rxg4 Ra8+ 79. Rg8 Ra7 80. Rb8 Kg6 1/2-1/2

[Event "9th HDBank Open 2019"]
[Site "Ho Chi Minh City"]
[Date "2019.03.08"]
[Round "3.12"]
[White "Nguyen, Ngoc Truong Son"]
[Black "Nava, Roderick"]
[Result "1-0"]
[ECO "A43"]
[WhiteElo "2647"]
[BlackElo "2393"]
[Annotator "RC"]
[PlyCount "61"]
[EventDate "2019.03.07"]
[EventType "swiss"]
[EventCountry "VIE"]
[SourceTitle "playchess.com"]
[Source "ChessBase"]
[SourceQuality "1"]
[TimeControl "5400+30"]

1. d4 c5 2. d5 g6 3. Nf3 Bg7 4. e4 d6 5. Be2 Nf6 6. Nc3 O-O 7. O-O Bg4 8. Nd2 Bxe2 9. Qxe2 Na6 10. Nc4 Nd7 11. Bf4 Nc7 12. a4 Ne5 13. Nxe5 dxe5 14. Be3 b6 15. a5 f5 16. Qc4 Qd6 17. f3 Kh8 18. axb6 axb6 19. Nb5 Nxb5 20. Qxb5 f4 21. Bf2 g5 22. Ra3 h5 23. Rfa1 Rxa3 24. Rxa3 g4 25. Ra6 Qg6 26. Rxb6 Bf6 27. Kh1 Rg8 28. Rb8 Rxb8 29. Qxb8+ Kg7 30. Bxc5 h4 31. Qc8 1-0

[Event "9th HDBank Open 2019"]
[Site "Ho Chi Minh City"]
[Date "2019.03.08"]
[Round "3.16"]
[White "Krishna Teja, N."]
[Black "Megaranto, Susanto"]
[Result "0-1"]
[ECO "A52"]
[WhiteElo "2370"]
[BlackElo "2526"]
[Annotator "RC"]
[PlyCount "132"]
[EventDate "2019.03.07"]
[EventType "swiss"]
[EventCountry "VIE"]
[SourceTitle "playchess.com"]
[Source "ChessBase"]
[SourceQuality "1"]
[TimeControl "5400+30"]

1. d4 Nf6 2. c4 e5 3. dxe5 Ng4 4. Bf4 Bb4+ 5. Nd2 d6 6. a3 dxe5 7. Bg3 Bxd2+ 8. Qxd2 Qxd2+ 9. Kxd2 f6 10. e3 Be6 11. Kc3 h5 12. h3 Nh6 13. Bd3 Nd7 14. Ne2 Nc5 15. Rhd1 Bf5 16. Bc2 Bxc2 17. Kxc2 Nf5 18. Bh2 Rh6 19. b4 Ne4 20. Nc3 Nxc3 21. Kxc3 Rg6 22. g3 Nd6 23. f3 Nf5 24. g4 hxg4 25. hxg4 Ne7 26. e4 Rh6 27. Bg3 Kf7 28. Rd7 Rh3 29. Rg1 Rc8 30. b5 Ke6 31. Rd3 g5 32. a4 b6 33. Kb4 c6 34. Kb3 Rc7 35. Rg2 Nc8 36. Be1 Rd7 37. Rgd2 Rxd3+ 38. Rxd3 c5 39. Kc3 Nd6 40. Bd2 Ke7 41. Re3 Rh2 42. Rd3 Rf2 43. a5 Kd7 44. a6 Kc7 45. Be1 Re2 46. Bd2 Rh2 47. Bc1 Rh3 48. Re3 Ne8 49. Kd3 Ng7 50. Bd2 Ne6 51. Ke2 Nd4+ 52. Kd1 Rxf3 53. Rxf3 Nxf3 54. Ke2 Nh2 55. Be1 Nxg4 56. Kf3 Nh6 57. Ke3 Nf7 58. Kd3 Nd8 59. Ke3 Kd7 60. Kf3 Nf7 61. Ke3 Nd8 62. Kf3 Ne6 63. Kg4 Nd4 64. Bc3 Nc2 65. Kf5 Ke7 66. Bxe5 Ne3+ 0-1